 Dungeon Crawl Stone Soup version 0.18-a0-888-g17a9b31 (webtiles) character file.

618 xandermoraine the Ducker (level 7, -13/53 HPs)
             Began as a Red Draconian Conjurer on Mar 31, 2016.
             Was an Initiate of Kikubaaqudgha.
             Mangled by an ogre
             ... wielding a +0 giant club
              (19 damage)
             ... on level 5 of the Dungeon.
             The game lasted 00:17:53 (3149 turns).

xandermoraine the Ducker (Red Draconian Conjurer)   Turns: 3149, Time: 00:17:53

Health: -13/53     AC:  6    Str: 10    XL:     7   Next: 21%
Magic:  0/11       EV: 14    Int: 17    God:    Kikubaaqudgha [......]
Gold:   95         SH:  0    Dex: 12    Spells: 2 memorised, 7 levels left

rFire  + . .     SeeInvis .     e - +2 dagger (venom)
rCold  . . .     Gourm    .     (armour unavailable)
rNeg   . . .     Faith    .     (no shield)
rPois  .         Spirit   +     (helmet restricted)
rElec  .         Dismiss  .     (no cloak)
rCorr  .         Reflect  .     (no gloves)
SustAt .         Harm     .     (no boots)
MR     .....                    h - amulet of guardian spirit
Stlth  ++........               (no ring)
                                (no ring)

@: very slightly contaminated, not resistant to hostile enchantments, unstealthy
A: breathe fire, unfitting armour, fire resistance 1, cold-blooded, AC +6
a: Breathe Fire, Renounce Religion


You were on level 5 of the Dungeon.
You worshipped Kikubaaqudgha.
Kikubaaqudgha was noncommittal.
You were not hungry.

You visited 1 branch of the dungeon, and saw 5 of its levels.

You collected 95 gold pieces.

Inventory:

Hand Weapons
 c - a +0 spear
 e - a +2 dagger of venom (weapon)
 g - a +0 dagger
 l - a +0 hand axe
Jewellery
 h - an amulet of guardian spirit (around neck)
Wands
 j - a wand of polymorph (0/24)
 o - a wand of fire (0/15)
Scrolls
 d - 5 scrolls of remove curse
 k - a scroll of identify
Books
 a - a book of Conjurations

   Spells                             Type                      Level
   a - Magic Dart                     Conjuration                  1
   b - Searing Ray                    Conjuration                  2
   c - Dazzling Spray                 Conjuration/Hexes            3
   d - Fulminant Prism                Conjuration/Hexes            4
   e - Iskenderun's Mystic Blast      Conjuration                  4
   f - Iskenderun's Battlesphere      Conjuration/Charms           5
Comestibles
 b - a bread ration
 f - a beef jerky
 i - a royal jelly


   Skills:
 + Level 1.9 Fighting
 + Level 2.0 Short Blades
 + Level 0.6 Polearms
 + Level 4.9 Dodging
 + Level 3.4 Stealth
 + Level 2.8 Spellcasting
 + Level 4.7 Conjurations
 + Level 0.8 Hexes
 + Level 0.4 Evocations


You had 7 spell levels left.
You knew the following spells:

 Your Spells              Type           Power        Failure   Level  Hunger
a - Magic Dart            Conj           ###.         2%          1    #......
b - Dazzling Spray        Conj/Hex       ##......     17%         3    ###....


Dungeon Overview and Level Annotations

Branches:
Dungeon (5/15)
 Temple: D:4-7

Altars:
Gozag
Kikubaaqudgha
Makhleb
Trog


Innate Abilities, Weirdness & Mutations

You can breathe blasts of fire.
Your fiery red scales are hard (AC +6).
Your body does not fit into most forms of armour.
Your flesh is heat resistant.
You are cold-blooded and may be slowed by cold attacks.


Message History

Casting: Magic Dart
Confirm with . or Enter, or press ? or * to list all spells.
You don't have enough magic to cast that spell.
There is a stone staircase leading down here.
The ogre barely misses you.
You climb downwards.
There is a stone staircase leading up here.
Casting: Magic Dart
Confirm with . or Enter, or press ? or * to list all spells.
Aiming: Dazzling Spray
Press: ? - help, Shift-Dir - straight line, f - ogre
Aim: an ogre, wielding a giant club You miscast Dazzling Spray.
You are very lightly contaminated with residual magic.
You feel a bit tired. The ogre hits you with a giant club!
* * * LOW HITPOINT WARNING * * *
The ogre completely misses you. The ogre hits you with a giant club!!
You die...
Kikubaaqudgha rasps: "You have failed me!
Welcome... death!"

#######
#.....#####.
#...<.......
#.....######
#.....#
#.....#
#.....#
#@....#
#.O...#
#######


You could see an ogre.

Vanquished Creatures
  Grinder (D:4)
  The ghost of BlatancyHS the Sneak, an amateur LaBe of Trog (D:4)
  A water moccasin (D:3)
  A giant frog skeleton (D:4)
  A hound (D:4)
  A worker ant (D:4)
  6 adders
  A worm (D:2)
  2 giant geckos
  3 orcs (D:4)
  5 bats
  5 giant cockroaches
  5 hobgoblins
  4 kobolds
  A quokka (D:4)
  6 giant newts
  7 goblins
  7 rats
58 creatures vanquished.

Notes
Turn   | Place    | Note
--------------------------------------------------------------
     0 | D:1      | xandermoraine the Draconian Conjurer began the quest for the Orb.
     0 | D:1      | Reached XP level 1. HP: 14/14 MP: 3/3
   222 | D:1      | Reached XP level 2. HP: 14/20 MP: 1/5
   699 | D:2      | Reached XP level 3. HP: 19/26 MP: 6/6
   872 | D:2      | Learned a level 3 spell: Dazzling Spray
  1185 | D:2      | Reached XP level 4. HP: 12/34 MP: 3/7
  1611 | D:3      | Found a burning altar of Makhleb.
  1611 | D:3      | Noticed a green death
  1615 | D:3      | Noticed a ynoxinul
  1615 | D:3      | Noticed a ynoxinul
  1821 | D:3      | Noticed a water moccasin
  1833 | D:3      | Killed a water moccasin
  1833 | D:3      | Reached skill level 1 in Fighting
  1833 | D:3      | Reached skill level 1 in Short Blades
  1833 | D:3      | Reached XP level 5. HP: 24/40 MP: 3/8
  1868 | D:3      | Found a bloodstained altar of Trog.
  1877 | D:3      | Found an opulent altar of Gozag.
  1886 | D:3      | Found an ancient bone altar of Kikubaaqudgha.
  1890 | D:3      | Became a worshipper of Kikubaaqudgha
  2377 | D:4      | Reached XP level 6. HP: 40/48 MP: 5/9
  2461 | D:4      | Noticed BlatancyHS's ghost (amateur LaBe)
  2523 | D:4      | HP: 3/72 [BlatancyHS's ghost (3)]
  2524 | D:4      | HP: 1/72 [BlatancyHS's ghost (2)]
  2529 | D:4      | HP: 1/72 [BlatancyHS's ghost (1)]
  2533 | D:4      | Killed BlatancyHS's ghost
  3001 | D:4      | Noticed Grinder
  3009 | D:4      | Paralysed by Grinder for 3 turns
  3052 | D:4      | Paralysed by Grinder for 6 turns
  3061 | D:4      | Paralysed by Grinder for 3 turns
  3086 | D:4      | Killed Grinder
  3086 | D:4      | Your scales start taking on a fiery red colour.
  3086 | D:4      | Gained mutation: Your flesh is heat resistant. [Red Draconian growth]
  3086 | D:4      | Reached XP level 7. HP: 40/53 MP: 0/11
  3138 | D:5      | Entered Level 5 of the Dungeon
  3149 | D:5      | Mangled by an ogre

Vault maps used:
D:1:      dpeg_arrival_arbitrary_c, minmay_misc_feat_chi
D:2:      kennysheep_generic_room_7
D:3:      grunt_qazlal_sundering, grunt_temple_overflow_diamond,
          minmay_stone_trees_small, grunt_decor_resistance,
          makhleb_altar_promises_db
D:4:      first_bread, uniq_grinder
D:5:      lemuel_crystal_altar, nicolae_overflow_hidden_temple,
          minmay_small_thing

Action                   |  1- 3 |  4- 6 |  7- 9 || total
-------------------------+-------+-------+-------++-------
Melee: Spear             |    21 |       |       ||    21
       Dagger            |    68 |    93 |       ||   161
 Cast: Magic Dart        |     7 |    21 |     3 ||    31
       Dazzling Spray    |     1 |     5 |       ||     6
Evoke: Wand              |       |     4 |       ||     4
  Use: Scroll            |     3 |     7 |       ||    10
       Potion            |     1 |     3 |       ||     4
 Stab: Sleeping          |     1 |     1 |       ||     2
       Invisible         |       |     4 |       ||     4
  Eat: Beef jerky        |     1 |     1 |       ||     2
       Bread ration      |       |     1 |       ||     1
       Royal jelly       |       |       |     1 ||     1
